 Dungeon Crawl Stone Soup version 0.19.5 (webtiles) character file.

238 equalderp2856 the Scratcher (level 5, 0/25 HPs)
             Began as a Felid Fighter on Mar 4, 2017.
             Slain by an orc wizard
             ... wielding a +0 dagger
              (1 damage)
             ... on level 4 of the Dungeon.
             The game lasted 00:12:30 (5032 turns).

equalderp2856 the Scratcher (Felid Fighter)         Turns: 5032, Time: 00:12:31

Health: 0/25       AC:  2    Str: 13    XL:     5   Next: 78%
Magic:  6/6        EV: 21    Int: 10    God:
Gold:   136        SH:  0    Dex: 16    Spells: 0 memorised, 4 levels left
                                        Lives:  0   Deaths: 1

rFire  . . .     SeeInvis +       - Unarmed
rCold  . . .     Gourm    .     (armour unavailable)
rNeg   . . .     Faith    .     (shield unavailable)
rPois  .         Spirit   .     (helmet unavailable)
rElec  .         Reflect  .     (cloak unavailable)
rCorr  .         Harm     .     (gloves unavailable)
MR     .....                    (boots unavailable)
Stlth  +++.......               (no amulet)
                                (no ring)
                                (no ring)

@: quick
A: no armour, no weapons or thrown items, stealth, claws 1, fangs 3, see
invisible, carnivore 3, speed 1, shaggy fur 2, slow metabolism 1, sharp paws
a: no special abilities


You were on level 4 of the Dungeon.
You were not hungry.

You visited 1 branch of the dungeon, and saw 4 of its levels.

You collected 136 gold pieces.

Inventory:

Scrolls
 d - a scroll of blinking {unknown}
 e - a scroll of noise {unknown}
 f - 2 scrolls of amnesia {unknown}
 g - a scroll of immolation {unknown}
 h - 2 scrolls of remove curse {unknown}
 l - 2 scrolls of identify {unknown}
 o - a scroll of fear {unknown}
 p - a scroll of magic mapping {unknown}
Potions
 a - 2 potions of might
 i - a potion of degeneration {unknown}
 j - a potion of invisibility {unknown}
 k - a potion of curing
 n - a potion of magic {unknown}
Comestibles
 b - a meat ration
 c - 2 beef jerkies
 m - 2 bread rations


   Skills:
 + Level 3.7 Fighting
 + Level 5.7 Dodging
 + Level 3.3 Stealth
 + Level 6.6 Unarmed Combat


You had 4 spell levels left.
You didn't know any spells.

Dungeon Overview and Level Annotations

Branches:
Dungeon (4/15)
 Temple: D:4-7

Altars:
Fedhas
Makhleb
Ru
Trog
The Shining One

Annotations:
D:2 1 runed door
D:3 North's ghost, amateur GrGl


Innate Abilities, Weirdness & Mutations

You cannot wear armour.
You are incapable of wielding weapons or throwing items.
Your paws allow you to move quietly. (Stealth)
You have sharp claws.
You have razor-sharp teeth.
You have supernaturally acute eyesight. (SInv)
You are carnivorous and can eat meat at any time.
You cover ground quickly.
You are covered in thick fur. (AC +2)
You have a slow metabolism.
Your sharp claws are effective at attacking unaware monsters.


Message History

The orc wizard completely misses you.
You closely miss the orc wizard.
The orc wizard is severely wounded.
The orc wizard hits you with a dagger.
* * * LOW HITPOINT WARNING * * *
You miss the orc wizard.
The orc wizard shouts!
You bite the orc wizard.
The orc wizard is severely wounded.
The orc wizard hits you but does no damage.
The orc wizard casts a spell.
The orc wizard blinks!
The orc wizard gestures at you while chanting.
The puff of frost misses you.
It was a potion of curing.
You feel better. The orc wizard casts a spell at you.
The puff of frost hits you!
* * * LOW HITPOINT WARNING * * *
The orc wizard hits you with a dagger.
You die...

#.# #.. #.# #.#####
####.######.#....
####.............##
.....#...........### #.#
###..#......#......# #.#
..#.......#........# #.#
#.#....#..#..†###..###.#
#.#..######...#@#o..##.#
##.#.........###o#'#.##.#
.#.#.#######.#..)o.#.##.#
.#.#.# #. ..###.###..#.#
...#.####.##...#.#......#
.###....#......###..###.#
.####..............## #.#
................#### #.#
####............#######.#


You could see 2 orc wizards.

Vanquished Creatures
  A phantom (D:4)
  A necrophage (D:3)
  An orc wizard (D:4)
  Terence (D:2)
  3 gnolls (D:3)
  9 adders
  2 oozes
  An adder skeleton (D:3)
  2 worms
  A dart slug (D:2)
  5 leopard geckos
  4 orcs
  A ball python (D:3)
  6 giant cockroaches
  4 goblins
  12 hobgoblins
  9 bats
  5 frilled lizards
  8 kobolds
  5 rats
81 creatures vanquished.

Notes
Turn   | Place    | Note
-------+----------+-------------------------------------------
     0 | D:1      | equalderp2856 the Felid Fighter began the quest for the Orb.
     0 | D:1      | Reached XP level 1. HP: 10/10 MP: 2/2
   357 | D:1      | Reached XP level 2. HP: 14/14 MP: 3/3
  1139 | D:2      | Noticed Terence
  1194 | D:2      | Reached XP level 3. HP: 17/17 MP: 4/4
  1259 | D:2      | Reached skill level 1 in Stealth
  1280 | D:2      | Found a runed door.
  1638 | D:2      | Reached XP level 4. HP: 15/21 MP: 5/5
  2389 | D:3      | Reached skill level 5 in Unarmed Combat
  2439 | D:3      | Noticed North's ghost (amateur GrGl)
  2644 | D:2      | Killed Terence
  2644 | D:2      | Reached XP level 5. HP: 11/24 MP: 6/6
  2904 | D:3      | Found a glowing golden altar of the Shining One.
  2904 | D:3      | Found a sacrificial altar of Ru.
  2904 | D:3      | Found a burning altar of Makhleb.
  2904 | D:3      | Found a bloodstained altar of Trog.
  2907 | D:3      | Found a blossoming altar of Fedhas.
  3348 | D:3      | Reached skill level 5 in Dodging
  3388 | D:3      | Noticed a necrophage
  3402 | D:3      | Killed a necrophage
  3402 | D:3      | Reached skill level 6 in Unarmed Combat
  3402 | D:3      | Gained mutation: You are covered in thick fur. (AC +2) [Felid growth]
  3402 | D:3      | Reached XP level 6. HP: 19/27 MP: 7/7
  4985 | D:4      | Killed from afar by an orc wizard
  4986 | D:4      | Reached XP level 5. HP: 0/24 MP: 6/6
  5032 | D:4      | HP: 1/25 [orc wizard/puff of frost (8)]
  5032 | D:4      | Slain by an orc wizard

Skill      XL: |  1  2  3  4  5 |
---------------+----------------+-----
Stealth        | 1 2 3 |  3.3
Unarmed Combat | 5 6 |  6.6
Dodging        | 5 |  5.7
Fighting       | |  3.7

Action                   |  1- 3 |  4- 6 || total
-------------------------+-------+-------++-------
Melee: Unarmed           |    91 |   218 ||   309
       Punch             |     4 |     6 ||    10
       Bite              |     5 |    28 ||    33
  Use: Potion            |       |     1 ||     1
 Stab: Sleeping          |     5 |     1 ||     6
  Eat: Chunk             |     2 |     4 ||     6
Armor: Skin              |     3 |     8 ||    11
Dodge: Dodged            |    91 |   163 ||   254
